Map: New Repugnancy LE

Players

Clem - Winner!

  • Race: Terran Terran
  • Spawn Location: 7:00

SunSet

  • Race: Zerg Zerg
  • Spawn Location: 1:00

Event: 2019 WCS Spring

VOD

Have the link to the VOD?

Description

Time

  • Played on: May 17, 2019, 7:31 a.m.
  • Length: 8:12

All games in this series

Show
View Real Time Build Order
Export as new Build Order

Clem Terran - Winner!

Build Orders: Gas First Reaper Expand, Banshee Rush 

Get SALT Encoding   

  12  0:00  SCV  
  13  0:12  SCV  
  14  0:17  Supply Depot  
  14  0:24  SCV  
  15  0:29  Refinery  
  15  0:38  SCV  
  16  0:44  Barracks  
  16  0:51  SCV  
  17  1:03  SCV  
  18  1:15  SCV  
  19  1:31  Reaper, Orbital Command  
  20  1:43  Command Center  
  20  1:54  Factory  
  20  1:58  SCV  
  21  2:06  Barracks Reactor  
  21  2:10  SCV  
  21  2:14  Supply Depot  
  22  2:19  Refinery  
  22  2:23  SCV  
  23  2:35  SCV  
  24  2:44  Starport  
  24  2:47  SCV  
  24  2:48  Hellion  
  24  2:49  Hellion  
  29  3:00  SCV  
  29  3:02  Barracks Tech Lab  
  30  3:06  Orbital Command  
  30  3:10  Hellion  
  30  3:12  SCV  
  32  3:14  Hellion  
  34  3:24  SCV  
  35  3:27  Viking  
  35  3:31  SCV  
  35  3:33  Cloaking Field  
  37  3:37  SCV  
  38  3:43  Marine  
  38  3:44  Supply Depot, Marine  
  38  3:46  SCV  
  38  3:47  Factory Tech Lab  
  41  3:49  SCV  
  42  3:58  SCV, Banshee  
  46  4:06  Supply Depot  
  46  4:07  Marine x2  
  46  4:08  SCV, Supply Depot  
  49  4:14  SCV  
  50  4:17  Siege Tank  
  50  4:24  SCV  
  54  4:28  SCV, Marine x2  
  54  4:30  Supply Depot  
  57  4:31  Supply Depot  
  57  4:36  SCV  
  58  4:40  SCV, Banshee  
  62  4:49  SCV  
  62  4:52  SCV, Marine x2  
  64  4:54  Siege Tank  
  69  5:01  SCV  
  69  5:02  Supply Depot  
  69  5:04  SCV  
  71  5:13  SCV  
  64  5:14  Marine x2  
  64  5:19  Command Center  
  66  5:33  Siege Tank  
  66  5:34  Barracks, Marine  
  66  5:35  Marine  
  71  5:36  Barracks  
  71  5:38  SCV x2  
  71  5:39  Barracks  
  73  5:45  Engineering Bay  
  73  5:46  Engineering Bay  
  73  5:49  Viking  
  75  5:54  Marine x2  
  75  5:55  SCV  
  78  6:00  Refinery x2  
  79  6:04  SCV  
  79  6:07  SCV  
  80  6:12  Missile Turret  
  80  6:14  Missile Turret, Cyclone  
  73  6:20  Marine x2  
  73  6:23  Missile Turret  
  73  6:24  SCV  
  72  6:27  SCV  
  72  6:30  Marine  
  72  6:32  SCV  
  71  6:36  SCV  
  71  6:38  Marine  
  72  6:44  SCV  
  72  6:45  SCV  
  74  6:50  SCV, Marine  
  67  6:55  Barracks Reactor  
  67  6:56  Starport Reactor  
  67  6:59  Missile Turret, Marine x2  
  65  7:06  Missile Turret  
  65  7:07  Marine  
  65  7:08  Orbital Command  
  66  7:10  SCV x2  
  67  7:17  Marine x2  
  66  7:29  Marine  
  66  7:31  SCV  
  66  7:32  SCV  
  66  7:34  Marine  
  66  7:35  Marine  
  66  7:36  Marine  
  66  7:37  Marine  
  69  7:38  Factory Reactor  
  69  7:40  Medivac  
  69  7:41  Medivac  
  69  7:44  SCV  
  74  7:47  Marine  
  75  7:52  Marine x2  
  78  8:01  Barracks  
  78  8:02  Barracks  
Show
View Real Time Build Order
Export as new Build Order

SunSet Zerg 

Build Orders: Hatch First 

Get SALT Encoding   

  12  0:01  Drone  
  13  0:12  Overlord  
  13  0:17  Drone  
  14  0:30  Drone  
  14  0:31  Drone  
  14  0:35  Drone  
  17  0:52  Hatchery  
  17  0:56  Drone  
  17  0:58  Drone  
  18  1:10  Extractor  
  17  1:15  Spawning Pool  
  17  1:17  Drone  
  17  1:21  Drone  
  18  1:28  Drone  
  19  1:38  Drone  
  20  1:50  Overlord  
  20  2:01  Zergling x2  
  20  2:03  Queen  
  20  2:05  Queen, Zergling x2  
  26  2:11  Metabolic Boost  
  26  2:12  Drone  
  27  2:16  Drone  
  28  2:23  Drone  
  28  2:27  Drone  
  29  2:34  Zergling x2  
  29  2:46  Drone  
  29  2:47  Drone  
  31  2:54  Overlord, Drone  
  31  2:57  Drone  
  33  3:01  Lair  
  33  3:05  Drone  
  34  3:09  Drone  
  34  3:11  Queen  
  37  3:16  Drone  
  38  3:22  Drone x2  
  38  3:23  Drone x2  
  38  3:25  Extractor  
  41  3:36  Hatchery  
  39  3:41  Extractor  
  39  3:42  Extractor  
  39  3:45  Roach Warren, Drone x3  
  39  3:52  Drone x2  
  39  3:53  Drone x2  
  43  3:56  Overlord  
  43  4:07  Spire  
  42  4:10  Drone  
  42  4:14  Overlord  
  42  4:15  Drone  
  44  4:17  Drone  
  44  4:19  Overseer  
  44  4:23  Zergling x2  
  44  4:24  Zergling x2  
  47  4:28  Overlord  
  47  4:33  Overlord  
  47  4:37  Drone x2  
  49  4:44  Overlord  
  49  4:49  Drone x2  
  49  4:51  Overlord  
  51  4:56  Zergling x4  
  51  4:57  Zergling x2  
  48  5:18  Mutalisk x6  
  48  5:21  Mutalisk  
  60  5:24  Drone  
  60  5:27  Drone  
  64  5:30  Mutalisk  
  66  5:38  Mutalisk  
  66  5:40  Drone  
  66  5:42  Spore Crawler  
  67  5:44  Spore Crawler  
  67  5:45  Drone x2  
  67  5:47  Zergling x2  
  67  5:50  Zergling x2  
  67  5:51  Zergling x2  
  67  5:54  Drone  
  70  5:57  Zergling x2  
  70  5:58  Zergling x2  
  70  6:02  Zergling x2  
  70  6:03  Zergling x2  
  74  6:07  Overlord  
  74  6:15  Overlord  
  72  6:19  Zergling x2  
  72  6:21  Overlord  
  72  6:25  Zergling x2  
  73  6:28  Zergling x10  
  59  6:33  Zergling x2  
  59  6:37  Zergling x4  
  44  6:58  Drone x5  
  44  6:59  Zergling x6  
  47  7:10  Zergling x2  
  47  7:11  Zergling x4  
  49  7:20  Drone x3  
  50  7:29  Drone  
  51  7:34  Drone  
  51  7:36  Drone  
  51  7:37  Drone x2  
  55  7:40  Drone  
  55  7:42  Drone  
  55  7:43  Drone  
  56  7:46  Drone  
  57  7:53  Drone x2  
Tags
 
Add a new tag
Caveats
  • Supply blocks, unpowered buildings, or Contaminate may cause inaccurate times.
  • Supply counts are checked every 10 seconds.